 Dungeon Crawl Stone Soup version 0.27.0-1-g7a089689b8 (webtiles) character file.

Game seed: 13163475848238411173

23 SnakkuSnakku7 the Skirmisher (level 2, 32/32 HPs)
             Began as an Ogre Delver on Aug 7, 2021.
             Was a Follower of Jiyva.
             Got out of the dungeon alive.
             The game lasted 00:02:18 (1298 turns).

SnakkuSnakku7 the Skirmisher (Ogre Delver)          Turns: 1298, Time: 00:02:19

Health: 32/32      AC:  3    Str: 15    XL:     2   Next: 95%
Magic:  2/2        EV:  9    Int: 11    God:    Jiyva [*.....]
Gold:   24         SH:  0    Dex: 10    Spells: 1/1 levels left

rFire    . . .     SeeInvis .   a - +0 mace
rCold    . . .     Faith    .   (no shield)
rNeg     . . .     Spirit   .   b - +0 robe
rPois    .         Reflect  .   (helmet restricted)
rElec    .         Harm     .   (no cloak)
rCorr    .         Rampage  .   (gloves unavailable)
Will     .....                  (boots unavailable)
Stlth    ++........             f - amulet of regeneration
HPRegen  1.10/turn              (no ring)
MPRegen  0.08/turn              (no ring)

@: no status effects
A: large, unfitting armour, tough skin 1
a: Renounce Religion, Request Jelly


You escaped.
You worshipped Jiyva.
Jiyva was aware of your devotion.
You visited 2 branches of the dungeon, and saw 6 of its levels.

You collected 24 gold pieces.

Inventory:

Hand Weapons
 a - a +0 mace (weapon)
Armour
 b - a +0 robe (worn)
Jewellery
 f - an amulet of regeneration (around neck)
 l - a ring of protection from fire
Wands
 g - a wand of digging (3)
Scrolls
 c - 2 scrolls of fog
 d - a scroll of magic mapping
 e - a scroll of fear
 h - 2 scrolls of teleportation
 i - a scroll of identify
 k - a scroll of summoning {unknown}
Potions
 j - a potion of curing


   Skills:
 - Level 4.0 Fighting
 + Level 3.0 Maces & Flails
 - Level 1.7 Dodging
 - Level 3.7 Stealth


You had one spell level left.
You didn't know any spells.
Your spell library was empty.

Dungeon Overview and Level Annotations

Branches:
Dungeon (5/15)             Temple (1/1) D:5

Altars:
Ashenzari
Cheibriados
Elyvilon
Gozag
Makhleb
Uskayaw
Vehumet
Wu Jian
Jiyva


Innate Abilities, Weirdness & Mutations

You are too large for most types of armour.
You have tough skin. (AC +1)


Message History

You hear a distant slurping noise.
Jiyva appreciates your sacrifice.
You open the door.
There is an open door here.
You hear a distant slurping noise.
Jiyva appreciates your sacrifice.
You hear a distant slurping noise.
Jiyva appreciates your sacrifice.
You open the door.
There is an open door here.
Found a stone staircase leading down.
You hear a series of splatters.
You hear a distant slurping noise.
You hear a distant slurping noise.
Jiyva appreciates your sacrifice.
You hear a distant slurping noise.
Key pressed, stopping explore.
You open the door.
A kobold comes into view. It is wielding a +0 club.
A kobold is nearby!
You closely miss the kobold. The kobold hits you with a +0 club.
You hit the kobold.
You kill the kobold!
No target in view!
You see here a +0 club.
You see here a +0 club.
There is an open door here.
You hear a distant slurping noise.
c - 2 scrolls of fog (gained 1)
Found a staircase leading out of the dungeon.
The black mamba hisses angrily.
The komodo dragon hisses angrily.
h - 2 scrolls of teleportation (gained 1)
The black bear growls angrily.
The wolf howls!
Done exploring.
Done exploring.
Done exploring.
There is a staircase leading out of the dungeon here.
Are you sure you want to leave the Dungeon?
This will make you lose the game!
You have escaped!

##...# #.........#####... ##...#
#........8##...#.. .....#
#.#..###..##.#.#..
.....###########.#..#l#...#.#.#..
...............#.#..#S#..8###.#..
........######.#.#..#h#.....#.#.#
........# #.#.#..#h#..8#...#.#
........# #.#.#..#k#...#.#.#+#
.....#### #.#@#..###..##.##...
.....## #.###......8##......
......########.# #.......##......
......#........# ##.8.8.###......
#.....#.######## #.....# #......
#..............# ##########.##.#
#.....#.###.##.###########....#.#
##....#.#...............##......#
##รท##.#.#.####.###......#########


There were no monsters in sight!

Vanquished Creatures
  An orc (D:3)
  A ball python (D:1)
  An endoplasm (D:1)
  A giant cockroach (D:1)
  2 goblins
  A hobgoblin (D:1)
  4 jackals (D:1)
  2 quokkas (D:1)
  2 bats
  2 kobolds (D:1)
  A rat (D:1)
18 creatures vanquished.

Vanquished Creatures (others)
  2 plants (D:1)
2 creatures vanquished.

Grand Total: 20 creatures vanquished

Notes
Turn   | Place    | Note
-------+----------+-------------------------------------------
     0 | D:5      | SnakkuSnakku7 the Ogre Delver began the quest for the Orb.
     0 | D:5      | Reached XP level 1. HP: 24/24 MP: 1/1
    12 | D:5      | Noticed an ogre
    67 | D:5      | Found a staircase to the Ecumenical Temple.
    78 | Temple   | Entered the Ecumenical Temple
   143 | Temple   | Became a worshipper of Ashenzari the Shackled
   144 | Temple   | Fell from the grace of Ashenzari
   246 | D:4      | Noticed an orc wizard
   624 | D:1      | Reached XP level 2. HP: 32/32 MP: 2/2
   878 | D:1      | Was forgiven by Ashenzari
  1008 | D:1      | Found a faded altar of an unknown god.
  1017 | D:1      | Became a worshipper of Jiyva Jistrave the Shapeless
  1017 | D:1      | Reached * piety under Jiyva
  1239 | D:1      | Noticed a wolf
  1241 | D:1      | Noticed a black mamba
  1241 | D:1      | Noticed a black bear
  1241 | D:1      | Noticed a lindwurm
  1242 | D:1      | Noticed a komodo dragon
  1298 | D:$      | Got out of the dungeon alive.

Illustrated notes

Levels and vault maps discovered:
D:1:      onia_arrival_zoo_common, layout_basic,
          dreamdust_ecumenical_altar_grove
D:2:      layout_basic
D:3:      layout_rooms, kennysheep_okawaru_gauntlet, st_stairs_12, uniq_robin
D:4:      layout_cave_pods, serial_shops, shop_scrolls, hangedman_glass_garden,
          uniq_natasha, uniq_duvessa
D:5:      layout_basic, minmay_temple_entry_antechambers
Temple:   minmay_temple_curvy_loop

Skill      XL: |  1  2 |
---------------+-------+-----
Maces & Flails | 2 3 |  3.0
Fighting       | |  4.0
Dodging        | |  1.7
Stealth        | |  3.7

Action                   || total
-------------------------++-------
Melee: Mace              ||   102
Invok: Renounce Religion ||     1
  Use: Potion            ||     1
Armor: Robe              ||    50
Dodge: Dodged            ||    92
